Map: Torri del crepuscolo

Players

MaxPauer - Winner!

  • Race: Protoss Protoss
  • League: Diamond

Jhyrachy

  • Race: Zerg Zerg
  • League: Gold

VOD

Have the link to the VOD?

Description

Time

  • Played on: April 21, 2016, 4:56 p.m.
  • Length: 16:52
Show
View Real Time Build Order
Export as new Build Order

MaxPauer Protoss - Winner!

Build Orders: Nexus First 

Get SALT Encoding   

  12  0:01  Probe (Chrono Boost)  
  13  0:11  Probe (Chrono Boost)  
  14  0:21  Pylon  
  14  0:22  Probe (Chrono Boost)  
  15  0:40  Probe (Chrono Boost)  
  16  0:50  Probe (Chrono Boost)  
  17  1:01  Nexus  
  17  1:16  Probe (Chrono Boost)  
  17  1:17  Gateway  
  18  1:25  Assimilator  
  18  1:27  Probe (Chrono Boost)  
  19  1:37  Probe (Chrono Boost)  
  20  1:48  Assimilator, Probe (Chrono Boost)  
  21  1:58  Probe (Chrono Boost)  
  22  2:07  Cybernetics Core  
  22  2:09  Probe (Chrono Boost)  
  22  2:10  Gateway  
  22  2:13  Pylon  
  23  2:19  Probe (Chrono Boost)  
  23  2:20  Probe (Chrono Boost)  
  25  2:28  Pylon  
  25  2:30  Probe (Chrono Boost)  
  25  2:32  Probe (Chrono Boost)  
  27  2:44  Warp Gate  
  27  2:48  Stalker (Chrono Boost)  
  29  2:54  Probe  
  29  2:55  Probe  
  29  2:58  Stalker (Chrono Boost)  
  33  3:07  Probe  
  34  3:15  Stalker (Chrono Boost)  
  35  3:21  Probe x2  
  35  3:23  Stargate  
  37  3:33  Probe x2  
  39  3:35  Stargate  
  39  3:37  Assimilator  
  39  3:41  Assimilator  
  39  3:45  Probe x2  
  41  3:57  Probe x2  
  43  4:09  Probe x2  
  45  4:12  Phoenix (Chrono Boost)  
  47  4:20  Phoenix (Chrono Boost)  
  49  4:24  Probe x2  
  51  4:36  Phoenix (Chrono Boost), Probe  
  54  4:38  Pylon  
  54  4:40  Pylon  
  54  4:43  Pylon  
  54  4:56  Probe  
  54  4:57  Phoenix (Chrono Boost)  
  59  5:00  Phoenix (Chrono Boost)  
  59  5:04  Nexus  
  59  5:05  Probe  
  60  5:09  Probe  
  61  5:17  Probe, Robotics Facility  
  61  5:20  Phoenix (Chrono Boost)  
  64  5:23  Phoenix (Chrono Boost)  
  64  5:25  Probe  
  67  5:42  Phoenix (Chrono Boost)  
  69  5:45  Phoenix (Chrono Boost)  
  69  5:48  Probe  
  69  5:49  Probe  
  73  5:51  Pylon  
  73  5:53  Pylon  
  73  5:55  Pylon  
  73  5:57  Pylon x2  
  73  6:01  Probe x2  
  75  6:06  Observer  
  76  6:21  Probe  
  76  6:22  Probe x2  
  74  6:34  Probe  
  74  6:35  Probe  
  74  6:38  Probe  
  77  6:46  Probe  
  77  6:47  Probe  
  79  6:49  Probe  
  80  6:59  Probe  
  80  7:20  Probe  
  80  7:22  Probe x2  
  81  7:30  Immortal  
  81  7:31  Probe  
  81  7:34  Assimilator, Probe x2  
  88  7:38  Assimilator  
  88  7:39  Gateway x2  
  88  7:41  Gateway  
  88  7:44  Gateway, Pylon  
  88  7:46  Pylon  
  88  7:47  Phoenix x2 (Chrono Boost)  
  88  7:50  Stalker x2  
  96  7:57  Gateway  
  96  7:58  Probe  
  96  7:59  Probe x2  
  96  8:00  Gateway  
  96  8:03  Gateway  
  99  8:08  Probe  
  99  8:09  Immortal  
  104  8:17  Pylon  
  104  8:22  Phoenix x2 (Chrono Boost)  
  108  8:40  Forge x2  
  108  8:44  Fleet Beacon  
  108  8:49  Immortal (Chrono Boost)  
  108  8:51  Stargate  
  108  8:52  Stargate  
  112  8:57  Stalker x4  
  112  8:58  Stalker x2  
  124  9:11  Nexus  
  124  9:14  Assimilator  
  124  9:19  Twilight Council  
  124  9:20  Assimilator  
  124  9:22  Pylon  
  124  9:23  Pylon  
  124  9:24  Immortal (Chrono Boost)  
  128  9:27  Protoss Ground Weapons Level 1 (Chrono Boost), Protoss Ground Armor Level 1 (Chrono Boost)  
  128  9:36  Adept x3  
  128  9:37  Adept x4  
  142  9:38  Adept  
  142  9:39  Adept  
  146  9:49  Tempest  
  146  9:54  Tempest  
  146  9:57  Tempest  
  158  10:05  Dark Shrine  
  158  10:21  Tempest  
  158  10:26  Tempest  
  166  10:37  Tempest  
  166  10:38  Probe  
  166  10:39  Probe x2  
  173  10:48  Pylon  
  173  10:53  Probe  
  173  10:54  Probe x2  
  176  11:07  Tempest  
  174  11:13  Tempest x2  
  186  11:20  Tempest  
  190  11:26  Pylon  
  190  11:30  Observer  
  191  11:51  Observer  
  188  12:12  Observer  
  185  12:28  Tempest  
  171  12:33  Tempest  
  171  12:34  Tempest x2, Observer  
  188  12:38  Probe x3  
  191  13:13  Nexus  
  191  13:15  Pylon  
  191  13:16  Pylon  
  191  13:18  Pylon  
  191  13:21  Assimilator  
  191  13:27  Assimilator, Protoss Ground Armor Level 2 (Chrono Boost), Protoss Ground Weapons Level 2 (Chrono Boost)  
  191  13:28  Robotics Bay  
  191  13:41  Probe  
  191  13:42  Probe x3  
Show
View Real Time Build Order
Export as new Build Order

Jhyrachy Zerg 

Build Orders: Hatch First, Lurkers 

Get SALT Encoding   

  12  0:01  Drone  
  13  0:08  Drone  
  14  0:17  Overlord  
  14  0:37  Drone x3  
  17  0:55  Hatchery, Drone  
  17  1:06  Drone  
  18  1:15  Spawning Pool  
  18  1:17  Drone  
  18  1:24  Extractor  
  17  1:26  Drone  
  18  1:38  Drone  
  19  1:44  Overlord  
  19  2:04  Queen  
  19  2:07  Queen  
  23  2:09  Drone x3  
  26  2:20  Drone x2  
  28  2:26  Drone  
  29  2:36  Drone x2  
  31  2:39  Queen  
  33  2:46  Lair  
  33  3:10  Drone  
  33  3:11  Drone x2  
  33  3:12  Overlord x3  
  36  3:23  Hatchery  
  35  3:30  Extractor  
  35  3:33  Drone x5, Extractor  
  35  3:34  Drone  
  39  3:39  Extractor  
  38  3:49  Spire  
  37  4:25  Drone x4  
  37  4:26  Drone x3  
  37  4:30  Drone x2  
  46  4:53  Overlord x2  
  46  5:24  Mutalisk  
  46  5:25  Mutalisk x7  
  62  5:31  Drone x2  
  62  5:32  Drone x2  
  62  5:33  Drone x6  
  72  5:41  Evolution Chamber  
  71  5:53  Drone x5  
  71  5:54  Drone x4  
  80  6:00  Evolution Chamber  
  79  6:11  Metabolic Boost  
  79  6:30  Spore Crawler  
  79  6:31  Spore Crawler  
  67  6:34  Spore Crawler  
  67  6:35  Queen x3  
  67  6:36  Spore Crawler  
  67  6:38  Spore Crawler  
  64  6:41  Spore Crawler  
  64  6:44  Spore Crawler  
  64  6:46  Spore Crawler  
  61  6:49  Spore Crawler  
  58  7:31  Hydralisk Den  
  58  7:32  Overlord x2  
  58  7:33  Overlord x5  
  57  7:46  Zerg Ground Armor Level 1, Zerg Missile Weapons Level 1  
  57  8:01  Muscular Augments  
  57  8:03  Hydralisk  
  57  8:04  Hydralisk x7  
  73  8:07  Overlord x4  
  73  8:39  Hydralisk  
  73  8:40  Hydralisk x15  
  105  8:57  Drone  
  105  9:00  Extractor  
  105  9:27  Overlord x3  
  105  9:34  Hatchery  
  104  9:52  Hatchery  
  104  9:55  Zerg Missile Weapons Level 2, Zerg Ground Armor Level 2  
  104  9:57  Lurker Den  
  103  10:03  Pneumatized Carapace  
  103  10:07  Queen x2  
  107  10:15  Zergling x4  
  109  10:40  Roach Warren  
  108  11:16  Infestation Pit  
  107  11:24  Nydus Network  
  106  11:32  Glial Reconstitution  
  106  11:38  Burrow  
  104  12:36  Drone x2  
  104  12:37  Drone x6  
  108  12:38  Drone x9  
  108  12:40  Drone  
  122  12:46  Drone x7  
  122  12:47  Drone x5  
  122  12:48  Overlord  
  122  12:49  Overlord x4  
  122  12:51  Tunneling Claws  
  134  12:56  Hive  
  134  13:06  Queen  
  136  13:22  Extractor  
  135  13:28  Extractor  
  135  13:31  Extractor  
  133  13:59  Lurker  
  133  14:00  Lurker x20  
  133  14:01  Lurker x2  
  133  14:02  Lurker  
  136  14:39  Spore Crawler x2  
  133  14:58  Adrenal Glands  
  133  15:05  Spore Crawler  
  132  15:24  Overseer x4  
  132  15:26  Queen  
  132  15:27  Queen x3  
  126  15:54  Hydralisk x5  
  126  15:55  Hydralisk x12  
  160  16:03  Queen  
  160  16:06  Queen  
  160  16:11  Extractor  
Tags
 
Add a new tag
Caveats
  • Supply blocks, unpowered buildings, or Contaminate may cause inaccurate times.
  • Supply counts are checked every 10 seconds.